 Dungeon Crawl Stone Soup version 0.20.0 (webtiles) character file.

59 Quarterback16 the Cudgeler (level 4, -4/40 HPs)
             Began as a Hill Orc Berserker on June 10, 2017.
             Was a Believer of Trog.
             Slain by Sigmund
             ... wielding a +0 scythe
              (7 damage)
             ... on level 3 of the Dungeon.
             The game lasted 00:10:56 (3149 turns).

Quarterback16 the Cudgeler (Hill Orc Berserker)     Turns: 3149, Time: 00:10:57

Health: -4/40      AC:  5    Str: 20    XL:     4   Next: 3%
Magic:  4/4        EV: 11    Int:  7    God:    Trog [**....]
Gold:   92         SH:  0    Dex: 10    Spells: 3/3 levels left

rFire    . . .     SeeInvis .   a - +2 mace
rCold    . . .     Gourm    .   (no shield)
rNeg     . . .     Faith    .   n - +0 ring mail
rPois    .         Spirit   .   (no helmet)
rElec    .         Reflect  .   (no cloak)
rCorr    .         Harm     .   (no gloves)
MR       .....                  (no boots)
Stlth    ..........             o - amulet of rage
Regen    0.2/turn               (no ring)
MPRegen  0.1/turn               (no ring)

@: confused, berserk cooldown, slowed, very slow
A: no striking features
a: Berserk, Trog's Hand, Burn Spellbooks, Renounce Religion, Evoke Berserk Rage


You were on level 3 of the Dungeon.
You worshipped Trog.
Trog was pleased with you.
You were very hungry.

You visited 1 branch of the dungeon, and saw 3 of its levels.

You collected 92 gold pieces.

Inventory:

Hand Weapons
 a - a +2 mace (weapon)
Armour
 b - a +0 animal skin
 n - a +0 ring mail (worn)
Jewellery
 l - a cursed ring of teleportation {unknown}
 o - an amulet of rage (around neck)
Potions
 h - 2 potions of flight
 j - a potion of might
Comestibles
 c - 3 bread rations
 f - 7 fruits
 g - a meat ration
 k - a royal jelly


   Skills:
 + Level 4.2 Fighting
 + Level 4.3 Maces & Flails
 + Level 2.2 Armour
 + Level 2.0 Dodging
 + Level 0.1 Stealth


You had 3 spell levels left.
You didn't know any spells.

Dungeon Overview and Level Annotations

Branches:
Dungeon (3/15)

Altars:
Fedhas
Okawaru
Uskayaw

Annotations:
D:3 Sigmund


Message History

You feel less resistant to hostile enchantments.
You hear some strange, mumbled words.
A magic dart appears from out of thin air!
The magic dart hits you!
You hear some strange, mumbled words.
You are confused.
You bump into the rock wall.
Something hits you!
You closely miss something. Something hits you.
You barely miss something.
You feel less confused. Something completely misses you.
You hit something.
You hear some strange, mumbled words.
You are confused.
Something hits you!
* * * LOW HITPOINT WARNING * * *
You bump into the rock wall.
Something hits you.
* * * LOW HITPOINT WARNING * * *
You bump into the rock wall.
Something hits you!
You die...

## .. ##.# #..#
.. #..##...#
#{.....# # #@# #
#(#######.#
.#.##.
........#.##.....
........#.#......
#####...#....#.#
#(.........#
#..........#
######.#####.##.#
.........####.# #


There were no monsters in sight!

Vanquished Creatures
  An ooze (D:2)
  A worm (D:2)
  4 dart slugs (D:2)
  4 leopard geckos
  6 bats
  A giant cockroach (D:2)
  3 goblins
  3 hobgoblins
  4 jackals (D:2)
  2 quokkas (D:2)
  3 ball pythons
  A frilled lizard (D:1)
  2 kobolds (D:1)
  5 rats
40 creatures vanquished.

Notes
Turn   | Place    | Note
-------+----------+-------------------------------------------
     0 | D:1      | Quarterback16 the Hill Orc Berserker began the quest for the Orb.
     0 | D:1      | Reached XP level 1. HP: 19/19 MP: 1/1
   636 | D:1      | Reached XP level 2. HP: 27/27 MP: 2/2
  1756 | D:2      | Reached XP level 3. HP: 29/33 MP: 3/3
  1900 | D:2      | Found a hide-covered altar of Uskayaw.
  2312 | D:2      | Found an iron altar of Okawaru.
  2870 | D:2      | Found a blossoming altar of Fedhas.
  2900 | D:2      | Reached ** piety under Trog
  3047 | D:2      | Reached XP level 4. HP: 39/40 MP: 4/4
  3134 | D:3      | Noticed Sigmund
  3149 | D:3      | Slain by Sigmund

Skill      XL: |  1  2  3 |
---------------+----------+-----
Fighting       | 4 |  4.2
Maces & Flails | 4 |  4.3
Dodging        | 2 |  2.0
Armour         | |  2.2
Stealth        | |  0.1

Action                   |  1- 3 |  4- 6 || total
-------------------------+-------+-------++-------
Melee: Mace              |   121 |     8 ||   129
Invok: Berserk           |     1 |     1 ||     2
       Trog's Hand       |       |     1 ||     1
  Use: Scroll            |     8 |     3 ||    11
       Potion            |       |     2 ||     2
  Eat: Chunk             |     6 |       ||     6
       Royal jelly       |     1 |       ||     1
Armor: Animal skin       |    14 |       ||    14
       Ring mail         |    42 |       ||    42
Dodge: Dodged            |   101 |     2 ||   103
